 Dungeon Crawl Stone Soup version 0.28.0-43-g3370ac3207 (webtiles) character file.

Game seed: 6382238080061293635

595 Peloso the Covered (level 7, -2/61 HPs)
             Began as a Minotaur Fighter on Mar 28, 2022.
             Slain by a sky beast (5 damage)
             ... on level 5 of the Dungeon.
             The game lasted 00:04:31 (3390 turns).

Peloso the Covered (Minotaur Fighter)               Turns: 3390, Time: 00:04:32

Health: -2/61      AC: 11    Str: 20    XL:     7   Next: 16%
Magic:  6/6        EV:  7    Int: 12    God:
Gold:   154        SH:  5    Dex: 15    Spells: 6/6 levels left

rFire   . . .      SeeInvis +   p - +8 mace of Foinipn {vamp, Int+2 Dex+3}
rCold   . . .      Faith    .   c - +0 buckler
rNeg    + . .      Spirit   .   s - +0 chain mail
rPois   .          Reflect  .   (helmet restricted)
rElec   .          Harm     .   x - +0 cloak
rCorr   .          Rampage  .   (no gloves)
Will    .....                   (no boots)
Stlth   ..........              (no amulet)
HPRegen 0.20/turn               o - ring "Zaol" {rN+ Int+5 SInv}
MPRegen 0.10/turn               (no ring)

@: no status effects
A: horns 2, retaliatory headbutt
a: no special abilities


You were on level 5 of the Dungeon.
You visited 1 branch of the dungeon, and saw 5 of its levels.

You collected 154 gold pieces.

Inventory:

Hand Weapons
 a - a +0 long sword
 b - a +0 whip of flaming
 p - the +8 mace of Foinipn (weapon) {vamp, Int+2 Dex+3}
   (You found it on level 2 of the Dungeon)

   It occasionally heals its wielder for a portion of the damage dealt when it
   wounds a living foe.
   Int:       It affects your intelligence (+2).
   Dex:       It affects your dexterity (+3).
Armour
 c - a +0 buckler (worn)
 g - a +0 scale mail
 s - a +0 chain mail (worn)
 x - a +0 cloak (worn)
Jewellery
 o - the ring "Zaol" (left hand) {rN+ Int+5 SInv}
   (You found it on level 2 of the Dungeon)

   [ring of positive energy]

   Int:       It affects your intelligence (+5).
   rN:        It protects you from negative energy.
   SInv:      It lets you see invisible.
Scrolls
 e - 2 scrolls of identify {unknown}
 h - 2 scrolls of enchant armour {unknown}
 k - 2 scrolls of blinking {unknown}
 l - a scroll of holy word {unknown}
 m - a scroll of brand weapon {unknown}
 r - a scroll of teleportation {unknown}
 v - a scroll of magic mapping {unknown}
 w - a scroll of vulnerability {unknown}
Potions
 d - 2 potions of might
 f - 2 potions of brilliance {unknown}
 i - a potion of curing {unknown}
 j - 2 potions of ambrosia {unknown}
 n - a potion of invisibility {unknown}
 q - 2 potions of lignification {unknown}
 t - a potion of heal wounds {unknown}
 u - a potion of berserk rage {unknown}


   Skills:
 + Level 5.5 Fighting
 + Level 4.5 Long Blades
 + Level 4.3 Maces & Flails
 + Level 5.7 Armour
 + Level 1.0 Dodging
 + Level 0.1 Stealth
 + Level 4.6 Shields


You had 6 spell levels left.
You didn't know any spells.
Your spell library was empty.

Dungeon Overview and Level Annotations

Branches:
Dungeon (5/15)
 Temple: D:4-7

Altars:

Shops:
D:3 [


Innate Abilities, Weirdness & Mutations

You have a pair of horns on your head.
You reflexively headbutt those who attack you in melee.


Message History

You kill the iguana!
You have reached level 7!
You hit the ogre.
The ogre is lightly wounded.
The sky beast flickers out of sight for a moment.
The ogre hits you with a +0 giant club!
You hit the ogre but do no damage.
The ogre is lightly wounded.
You block the ogre's attack.
You barely miss the ogre.
The ogre is lightly wounded.
The ogre hits you with a +0 giant club!
You sock the ogre!
The ogre is heavily wounded.
The ogre hits you with a +0 giant club!
You hit the ogre.
You feel better.
The ogre is severely wounded.
The ogre hits you with a +0 giant club!
* * * LOW HITPOINT WARNING * * *
You hit the ogre.
You feel better.
The ogre is almost dead.
The ogre hits you with a +0 giant club!
* * * LOW HITPOINT WARNING * * *
You thump the ogre!
You feel better.
You kill the ogre!
The sky beast hits you but does no damage.
Your Maces & Flails skill increases to level 4!
Your Dodging skill increases to level 1!
You barely miss the sky beast. You headbutt the sky beast!
The sky beast is heavily wounded.
The sky beast hits you.
* * * LOW HITPOINT WARNING * * *
The sky beast shocks you.
* * * LOW HITPOINT WARNING * * *
You barely miss the sky beast. Your headbutt misses the sky beast.
The sky beast is heavily wounded.
The sky beast hits you.
* * * LOW HITPOINT WARNING * * *
The sky beast shocks you.
You die...

#.# ..# #.#
#.# #####
##.## .....
... #....$
#.#
......###@#
Y......<#Y#
......#.#.#
..Y.O.....#
....#.#.###
.##.....#
#S#.###
....( ....#


You could see a sky beast.

Vanquished Creatures
  2 ogres
  2 scorpions (D:4)
  A water moccasin skeleton (D:4)
  A hound (D:4)
  Crazy Yiuf (D:4)
  2 orc wizards (D:3)
  An iguana (D:5)
  5 adders
  2 adder skeletons (D:4)
  2 worms (D:4)
  4 orcs
  7 ball pythons
  6 endoplasms
  6 giant cockroaches
  3 hobgoblins
  11 kobolds
  3 quokkas
  6 bats
  5 goblins
  3 rats
73 creatures vanquished.

Notes
Turn   | Place    | Note
-------+----------+-------------------------------------------
     0 | D:1      | Peloso the Minotaur Fighter began the quest for the Orb.
     0 | D:1      | Reached XP level 1. HP: 19/19 MP: 0/0
   153 | D:1      | Reached XP level 2. HP: 27/27 MP: 1/1
   476 | D:1      | Found a faded altar of an unknown god.
   736 | D:2      | Reached XP level 3. HP: 33/33 MP: 2/2
  1151 | D:2      | Identified the ring "Zaol" {rN+ Int+5 SInv}
  1280 | D:2      | Identified the +8 mace of Foinipn {vamp, Int+2 Dex+3}
  1458 | D:3      | Reached XP level 4. HP: 40/40 MP: 3/3
  1751 | D:3      | Found Boufohin's Armour Emporium.
  1801 | D:3      | Reached XP level 5. HP: 47/47 MP: 4/4
  2184 | D:4      | Reached skill level 5 in Fighting
  2184 | D:4      | Reached skill level 1 in Maces & Flails
  2277 | D:4      | Identified the +4 spear of Puego {holy, Dex+4}
  2398 | D:4      | Reached skill level 5 in Armour
  2528 | D:4      | Reached XP level 6. HP: 52/56 MP: 5/5
  2781 | D:4      | Found a runed translucent door.
  2782 | D:4      | Noticed Crazy Yiuf
  3145 | D:4      | Killed Crazy Yiuf
  3371 | D:5      | Entered Level 5 of the Dungeon
  3372 | D:5      | Noticed a sky beast
  3382 | D:5      | Reached XP level 7. HP: 61/61 MP: 6/6
  3389 | D:5      | Reached skill level 1 in Dodging
  3390 | D:5      | HP: 3/61 [sky beast (2)]
  3390 | D:5      | Slain by a sky beast

Illustrated notes

Levels and vault maps discovered:
D:1:      roderic_chinese_lattice_arrival, layout_rooms, serial_curves,
          eino_curves_01, eino_curves_01, hellmonk_ecumenical_altar_zigzags
D:2:      wander_river, layout_rooms
D:3:      layout_loops_ring, serial_shops, nicolae_diamond_shop
D:4:      layout_loops_ring, uniq_crazy_yiuf_cottage
D:5:      layout_loops_ring, hangedman_decor_push, st_stairs_3,
          minmay_fractal_squares_5, uniq_blork_the_orc, uniq_prince_ribbit1

Skill      XL: |  1  2  3  4  5  6  7 |
---------------+----------------------+-----
Armour         | 4 5 |  5.7
Fighting       | 4 5 |  5.5
Shields        | 4 |  4.6
Long Blades    | 3 4 |  4.5
Maces & Flails | 2 3 4 |  4.3
Dodging        | 1 |  1.0
Stealth        | |  0.1

Action                   |  1- 3 |  4- 6 |  7- 9 || total
-------------------------+-------+-------+-------++-------
Melee: Long sword        |    67 |       |       ||    67
       Headbutt          |     8 |     9 |     1 ||    18
       Mace              |     6 |    77 |     9 ||    92
Armor: Scale mail        |    32 |     7 |       ||    39
       Chain mail        |       |    37 |     1 ||    38
Dodge: Dodged            |    43 |    27 |       ||    70
Block: Buckler           |    13 |    24 |     1 ||    38
